[Event "Titled Tuesday Blitz June 13 Early 2023"]
[White "Begunov, Konstantin"]
[Black "Priasmoro, Novendra"]
[WhiteFideId "4118510"]
[BlackFideId "7105029"]
[WhiteElo "1993"]
[BlackElo "2412"]
[Result "0-1"]
[Round "2"]
[TimeControl "180+2"]
[Date "2023.06.13"]
[WhiteClock "0:00:10"]
[BlackClock "0:01:05"]
[Board "85"]

1. d4 d5 2. c4 e6 3. Nc3 Nf6 4. cxd5 Nxd5 5. Nf3 Nxc3 6. bxc3 c5 7. g3 Nc6 8. Bg2 cxd4 9. cxd4 Bb4+ 10. Bd2 Be7 11. O-O O-O 12. Rb1 Nxd4 13. Nxd4 Qxd4 14. Be3 Qc4 15. Bxb7 Bxb7 16. Rxb7 Bf6 17. Qb3 Qxe2 18. Rxa7 Rab8 19. Qa4 Rfd8 20. a3 h5 21. Qa5 Rd1 22. Rxd1 Qxd1+ 23. Kg2 Rb1 24. Qc7 Qf1+ 25. Kf3 Qh1+ 26. Kf4 g5# 0-1


[Site "https://www.chess.com"]

[Event "Titled Tuesday Blitz June 13 Early 2023"]
[White "Quintiliano Pinto, Renato R."]
[Black "Ozalp, Burak"]
[WhiteFideId "2117568"]
[BlackFideId "6314210"]
[WhiteElo "2459"]
[BlackElo "2106"]
[Result "1-0"]
[Round "2"]
[TimeControl "180+2"]
[Date "2023.06.13"]
[WhiteClock "0:00:17"]
[BlackClock "0:00:09"]
[Board "86"]

1. Nf3 Nf6 2. c4 g6 3. b3 Bg7 4. Bb2 O-O 5. g3 c6 6. Bg2 d5 7. O-O Bg4 8. d3 Bxf3 9. Bxf3 e6 10. Bg2 Nbd7 11. Nd2 Re8 12. a3 a6 13. b4 b5 14. Qc2 Nb6 15. Rfd1 Na4 16. Be5 Qd7 17. Nf3 Rac8 18. e4 Qa7 19. c5 Qd7 20. h4 Rcd8 21. Bxf6 Bxf6 22. e5 Bg7 23. d4 f6 24. exf6 Bxf6 25. Re1 Qg7 26. Ne5 Bxe5 27. Rxe5 Rd7 28. Rae1 Qf6 29. f4 Rde7 30. R1e3 Kg7 31. Bh3 Kf7 32. Qe2 h6 33. Kg2 h5 34. Kh2 Kg7 35. Qc2 Kf7 36. Bf1 Kg7 37. Bd3 Kh6 38. Qe2 Kg7 39. Rg5 Kf7 40. Bxg6+ Qxg6 41. Rxg6 Kxg6 42. Re5 Rh7 43. Qd3+ Kg7 44. Rg5+ Kh8 45. Qg6 Rf8 46. Rxh5 Rxh5 47. Qxh5+ Kg7 48. Qg5+ Kf7 49. f5 Nc3 50. Qg6+ Ke7 51. Qxe6+ Kd8 52. Qd6+ Ke8 53. Qxc6+ Kf7 54. Qg6+ Ke7 55. Qe6+ Kd8 56. Qd6+ Ke8 57. f6 Ne4 58. Qe7# 1-0


[Site "https://www.chess.com"]

[Event "Titled Tuesday Blitz June 13 Early 2023"]
[White "Turayev, Shahruh"]
[Black "crosky"]
[WhiteFideId "14003856"]
[WhiteElo "2113"]
[BlackElo "2368"]
[Result "1-0"]
[Round "2"]
[TimeControl "180+2"]
[Date "2023.06.13"]
[WhiteClock "0:02:05"]
[BlackClock "0:01:03"]
[Board "87"]

1. e4 c6 2. Nc3 d5 3. exd5 cxd5 4. d4 Nc6 5. Bf4 a6 6. Nf3 Bg4 7. Be2 e6 8. Ne5 Bxe2 9. Nxe2 Nxe5 10. Bxe5 Nf6 11. O-O Bd6 12. Ng3 Qc7 13. f4 Rc8 14. c3 O-O 15. Bxf6 gxf6 16. Nh5 f5 17. Rf3 Kh8 18. Rh3 Rg8 19. Nf6 Rg7 20. Qh5 1-0


[Site "https://www.chess.com"]

[Event "Titled Tuesday Blitz June 13 Early 2023"]
[White "Papasimakopoulos, Alexandros"]
[Black "Rosenberg, Evan S"]
[WhiteFideId "4244125"]
[BlackFideId "2019299"]
[WhiteElo "2359"]
[BlackElo "2366"]
[Result "1-0"]
[Round "2"]
[TimeControl "180+2"]
[Date "2023.06.13"]
[WhiteClock "0:02:11"]
[BlackClock "0:01:01"]
[Board "88"]

1. d4 d5 2. c4 e6 3. Nc3 c5 4. cxd5 cxd4 5. Qa4+ Bd7 6. Qxd4 exd5 7. Qxd5 Nf6 8. Qd1 Bc5 9. Nf3 O-O 10. e3 Qe7 11. Be2 Rd8 12. O-O Nc6 13. a3 Ne5 14. Nd4 a6 15. b4 Bd6 16. Bb2 Rac8 17. Rc1 Bb8 18. Qb3 Nfg4 19. h3 Qh4 20. Nd5 Be6 21. Rxc8 Rxc8 22. Nxe6 fxe6 23. Nf4 1-0


[Site "https://www.chess.com"]

[Event "Titled Tuesday Blitz June 13 Early 2023"]
[White "Chuemsakul, Sarocha"]
[Black "Srihari L R"]
[WhiteFideId "6203710"]
[BlackFideId "46617116"]
[WhiteElo "1686"]
[BlackElo "2334"]
[Result "0-1"]
[Round "2"]
[TimeControl "180+2"]
[Date "2023.06.13"]
[WhiteClock "0:00:05"]
[BlackClock "0:00:07"]
[Board "89"]

1. d4 d5 2. c4 dxc4 3. e3 e6 4. Bxc4 a6 5. a4 Nf6 6. Nf3 b6 7. O-O Bb7 8. Nc3 Bb4 9. Qe2 O-O 10. Rd1 Qe7 11. Ne5 Nbd7 12. Nxd7 Qxd7 13. f3 Nd5 14. Bd2 a5 15. e4 Ne7 16. Be3 Kh8 17. h4 f5 18. Bb5 Qd6 19. e5 Qd8 20. Rac1 f4 21. Bf2 Nf5 22. Ne4 h6 23. Bc6 Ba6 24. Bb5 Bxb5 25. axb5 Rc8 26. Rc6 Qd5 27. Qc4 Ne7 28. Qxd5 exd5 29. Nc3 Nxc6 30. bxc6 Bxc3 31. bxc3 Rfe8 32. g3 fxg3 33. Bxg3 Re6 34. c4 Rd8 35. f4 g6 36. h5 Rxc6 37. cxd5 Rxd5 38. hxg6 Rxg6 39. Kf2 c5 40. f5 Rg5 41. f6 Kg8 42. Bf4 Rf5 43. Ke3 Rxd4 44. Rxd4 cxd4+ 45. Ke4 Rxf4+ 46. Kxf4 d3 47. Ke3 Kf7 48. Kxd3 a4 49. Kd4 a3 50. Kc3 a2 51. Kb2 h5 52. Kxa2 h4 53. Kb3 h3 54. Kc4 h2 0-1


[Site "https://www.chess.com"]

[Event "Titled Tuesday Blitz June 13 Early 2023"]
[White "Martinez Ramirez, Lennis"]
[Black "Slavin, Alexey"]
[WhiteFideId "3509079"]
[BlackFideId "24104388"]
[WhiteElo "2410"]
[BlackElo "2264"]
[Result "1-0"]
[Round "2"]
[TimeControl "180+2"]
[Date "2023.06.13"]
[WhiteClock "0:00:08"]
[BlackClock "0:00:00"]
[Board "90"]

1. Nf3 Nc6 2. d4 d6 3. d5 Ne5 4. Nxe5 dxe5 5. e4 a6 6. c4 Nf6 7. Nc3 e6 8. Be2 exd5 9. cxd5 Bd6 10. Bg5 h6 11. Bh4 O-O 12. Rc1 Bd7 13. O-O Be7 14. Bg3 Bd6 15. a3 Qe7 16. Qb3 b6 17. Rfd1 Nh7 18. Qc2 Qe8 19. Bd3 Nf6 20. Qe2 Bc8 21. Na2 Bg4 22. f3 Bc8 23. Nb4 a5 24. Bb5 Bd7 25. Bxd7 Nxd7 26. Nd3 Nc5 27. Nxc5 Bxc5+ 28. Bf2 Bd6 29. Rc6 Qe7 30. Rdc1 f5 31. exf5 Rxf5 32. Qe4 Raf8 33. Be3 Kh8 34. R6c4 Qf7 35. Rd1 Qg6 36. Qg4 Qf7 37. Re4 Rf6 38. h4 Rg6 39. Qh3 Qxf3 40. Qxf3 Rxf3 41. Rf1 Rxf1+ 42. Kxf1 Rf6+ 43. Ke2 Kg8 44. g4 Kf7 45. Rc4 Ke8 46. Bd2 Kd7 47. Be3 Rf7 48. h5 Rf8 49. Kd3 Rf7 50. Ke4 Rf1 51. Rc2 Rf7 52. Rf2 Rxf2 53. Bxf2 Ke7 54. Kf5 Kf7 55. Bh4 a4 56. Bd8 b5 57. g5 hxg5 58. Bxg5 b4 59. axb4 Bxb4 60. Bc1 1-0


[Site "https://www.chess.com"]

[Event "Titled Tuesday Blitz June 13 Early 2023"]
[White "Rian, Kapriaga"]
[Black "Wagner, Dennis"]
[WhiteFideId "7103263"]
[BlackFideId "24650684"]
[WhiteElo "2342"]
[BlackElo "2478"]
[Result "0-1"]
[Round "2"]
[TimeControl "180+2"]
[Date "2023.06.13"]
[WhiteClock "0:00:00"]
[BlackClock "0:02:04"]
[Board "91"]

1. d4 d5 2. c4 e6 3. Nf3 Nf6 4. g3 Be7 5. Bg2 O-O 6. O-O dxc4 7. Ne5 Nc6 8. Bxc6 bxc6 9. Nxc6 Qe8 10. Nxe7+ Qxe7 11. Qa4 e5 12. dxe5 Qxe5 13. Nc3 Ne4 14. Nxe4 Qxe4 15. Re1 Bh3 16. f3 Qd4+ 17. e3 Qf6 18. Qd1 Rad8 19. Qe2 Rd3 20. Bd2 Qxb2 21. Ba5 Qe5 22. Bb4 c5 23. Ba3 Rxa3 24. Qxc4 Rxe3 25. Kf2 Re8 0-1


[Site "https://www.chess.com"]

[Event "Titled Tuesday Blitz June 13 Early 2023"]
[White "Di Benedetto, Edoardo"]
[Black "Garrido, Denis"]
[WhiteFideId "875740"]
[BlackFideId "601217"]
[WhiteElo "2296"]
[BlackElo "2326"]
[Result "1-0"]
[Round "2"]
[TimeControl "180+2"]
[Date "2023.06.13"]
[WhiteClock "0:00:23"]
[BlackClock "0:01:14"]
[Board "92"]

1. d4 Nf6 2. c4 e6 3. Nc3 Bb4 4. e3 O-O 5. Bd3 c5 6. a3 Bxc3+ 7. bxc3 b6 8. Nf3 Nc6 9. O-O Ba6 10. e4 Ne8 11. e5 Na5 12. Bxh7+ Kxh7 13. Ng5+ Kg6 14. Qg4 f5 15. Qh4 Nf6 16. exf6 Rh8 17. Qg3 Kxf6 18. Re1 Ke7 19. Nxe6 Qg8 20. Nxc5+ Kd8 21. Nxa6 Rc8 22. Bg5# 1-0


[Site "https://www.chess.com"]

[Event "Titled Tuesday Blitz June 13 Early 2023"]
[White "Rakotomaharo, Fy Antenaina"]
[Black "Sarkar, Justin"]
[WhiteFideId "13100050"]
[BlackFideId "2010011"]
[WhiteElo "2427"]
[BlackElo "2151"]
[Result "1-0"]
[Round "2"]
[TimeControl "180+2"]
[Date "2023.06.13"]
[WhiteClock "0:01:25"]
[BlackClock "0:00:23"]
[Board "94"]

1. c4 e5 2. g3 c5 3. Bg2 Nc6 4. Nc3 d6 5. e3 h5 6. Nf3 g6 7. d4 Bg7 8. dxc5 dxc5 9. Qxd8+ Nxd8 10. Bd2 Ne7 11. Nb5 O-O 12. Bc3 e4 13. Ng5 f5 14. Bxg7 Kxg7 15. f3 exf3 16. Bxf3 Nf7 17. Nxf7 Kxf7 18. O-O-O Rb8 19. Nxa7 Ra8 20. Nxc8 Nxc8 21. Kb1 1-0


[Site "https://www.chess.com"]

[Event "Titled Tuesday Blitz June 13 Early 2023"]
[White "Zaksaite, Salomeja"]
[Black "Tristan, Leonardo"]
[WhiteFideId "12801496"]
[BlackFideId "113816"]
[WhiteElo "2059"]
[BlackElo "2461"]
[Result "0-1"]
[Round "2"]
[TimeControl "180+2"]
[Date "2023.06.13"]
[WhiteClock "0:00:00"]
[BlackClock "0:00:42"]
[Board "95"]

1. e4 d5 2. exd5 Qxd5 3. Nc3 Qa5 4. Bc4 Nf6 5. d3 Bg4 6. Ne2 e6 7. f3 Bh5 8. g4 Bg6 9. Nf4 e5 10. Nxg6 hxg6 11. Bd2 Qb6 12. Qe2 Bd6 13. O-O-O Nc6 14. Na4 Nd4 15. Qe3 Qc6 16. Nc3 Qxf3 17. Rdf1 Qxe3 18. Bxe3 Rf8 19. h3 c6 20. g5 Nh5 21. Ne4 Be7 22. Bxd4 exd4 23. Re1 Kd7 24. Rhf1 f5 25. gxf6 gxf6 26. Nd2 Bd6 27. Be6+ Kc7 28. Ne4 Bf4+ 0-1


[Site "https://www.chess.com"]

[Event "Titled Tuesday Blitz June 13 Early 2023"]
[White "Afanasieva, Alexandra"]
[Black "Fus, Jakub"]
[WhiteFideId "34126926"]
[BlackFideId "1193023"]
[WhiteElo "1736"]
[BlackElo "2335"]
[Result "1-0"]
[Round "2"]
[TimeControl "180+2"]
[Date "2023.06.13"]
[WhiteClock "0:01:19"]
[BlackClock "0:00:56"]
[Board "96"]

1. e4 c6 2. d4 d5 3. e5 Bf5 4. h4 h5 5. Bd3 Bxd3 6. Qxd3 Qa5+ 7. b4 Qxb4+ 8. Nd2 e6 9. Rb1 Qe7 10. c4 Nh6 11. Ne2 Nf5 12. Ng3 g6 13. Nxf5 gxf5 14. Nf3 Qd7 15. Bg5 Na6 16. O-O Be7 17. c5 Rb8 18. Qxa6 Bxg5 19. Qxa7 O-O 20. Nxg5 Qc7 21. Qb6 Qe7 22. Rb3 f6 23. exf6 Qxf6 24. Rg3 Kh8 25. Qc7 Qg6 26. Qe5+ Rf6 1-0


[Site "https://www.chess.com"]

[Event "Titled Tuesday Blitz June 13 Early 2023"]
[White "benny_aizenberg"]
[Black "Levitan, Caleb Levi"]
[BlackFideId "14332620"]
[WhiteElo "2706"]
[BlackElo "1963"]
[Result "1-0"]
[Round "2"]
[TimeControl "180+2"]
[Date "2023.06.13"]
[WhiteClock "0:00:04"]
[BlackClock "0:00:01"]
[Board "97"]

1. d4 d5 2. Nf3 Nf6 3. c4 e6 4. g3 dxc4 5. Bg2 Bb4+ 6. Nbd2 O-O 7. O-O c3 8. bxc3 Bxc3 9. Rb1 Bxd4 10. Nxd4 Qxd4 11. Bb2 Qd8 12. Qc2 c6 13. Rfd1 Nbd7 14. Nc4 Qc7 15. Ba3 c5 16. Nd6 Rb8 17. Qa4 b6 18. Nb5 Qe5 19. Nxa7 Bb7 20. Nc6 Bxc6 21. Bxc6 Qf5 22. e4 Qh3 23. f3 Ne5 24. Rf1 Rfd8 25. Rb2 Rd3 26. Rbf2 Nxc6 27. Qxc6 Rxa3 28. Qc7 Rf8 29. Qxb6 c4 30. Qc5 Rc3 31. a4 h5 32. a5 h4 33. g4 Nh7 34. a6 Ra8 35. a7 Ng5 36. Qxg5 Rxa7 37. Qd8+ Kh7 38. Qd2 Raa3 39. Qf4 Kg8 40. Rb1 Rxf3 41. Qg5 Rxf2 42. Rb8+ Kh7 43. Qh5# 1-0


[Site "https://www.chess.com"]

[Event "Titled Tuesday Blitz June 13 Early 2023"]
[White "EdmundPlayer"]
[Black "Maatman, Nick"]
[BlackFideId "1040391"]
[WhiteElo "2251"]
[BlackElo "2704"]
[Result "0-1"]
[Round "2"]
[TimeControl "180+2"]
[Date "2023.06.13"]
[WhiteClock "0:00:00"]
[BlackClock "0:00:39"]
[Board "98"]

1. e4 c5 2. Nf3 d6 3. b3 Nf6 4. Nc3 g6 5. Bb2 Bg7 6. Bb5+ Bd7 7. Qe2 O-O 8. O-O Nc6 9. Bxc6 Bxc6 10. Rad1 e5 11. d3 Re8 12. h3 d5 13. exd5 Nxd5 14. Nxd5 Qxd5 15. Rfe1 Rad8 16. Bc1 h6 17. Be3 Kh7 18. Qf1 f5 19. Nh2 b6 20. Bc1 g5 21. f3 Qf7 22. Bb2 Qg6 23. Kh1 h5 24. Re2 g4 25. fxg4 hxg4 26. hxg4 fxg4 27. Qe1 g3 28. Nf3 Rf8 29. Bxe5 Bxf3 0-1


[Site "https://www.chess.com"]

[Event "Titled Tuesday Blitz June 13 Early 2023"]
[White "Levitskiy, Andrey"]
[Black "Andreassen, Lars"]
[WhiteFideId "14132885"]
[BlackFideId "1504878"]
[WhiteElo "2347"]
[BlackElo "2119"]
[Result "0-1"]
[Round "2"]
[TimeControl "180+2"]
[Date "2023.06.13"]
[WhiteClock "0:00:00"]
[BlackClock "0:00:30"]
[Board "99"]

1. e4 d6 2. d4 Nf6 3. Nc3 e5 4. dxe5 dxe5 5. Qxd8+ Kxd8 6. Bg5 Bd6 7. O-O-O Nd7 8. Nf3 h6 9. Bxf6+ gxf6 10. g3 Nc5 11. Nh4 Be6 12. Nf5 Nxe4 13. Nxe4 Bxf5 14. Nxd6 cxd6 15. Rxd6+ Ke7 16. Rd2 Rac8 17. Bg2 Rc7 18. Re1 Rhc8 19. c3 b5 20. f4 b4 21. fxe5 bxc3 22. exf6+ Kxf6 23. Rd6+ Kg7 24. b3 a5 25. Be4 Re8 26. Rd4 Rce7 27. Bxf5 Rxe1+ 28. Kc2 R1e2+ 29. Kxc3 Rxa2 30. Rd7 Rxh2 31. Bd3 Rg2 32. Bc4 Rxg3+ 33. Kb2 Rf3 34. Ra7 Re5 35. Ka3 h5 36. Rd7 h4 37. Rd4 h3 38. Rh4 Rg5 39. Be2 Re3 40. Ba6 Rgg3 41. Bc4 f5 42. Ka4 Rg4 0-1


[Site "https://www.chess.com"]

[Event "Titled Tuesday Blitz June 13 Early 2023"]
[White "Maevsky, Nikolay"]
[Black "Acikel, Mert"]
[WhiteFideId "4198220"]
[BlackFideId "12956465"]
[WhiteElo "2021"]
[BlackElo "2097"]
[Result "1-0"]
[Round "2"]
[TimeControl "180+2"]
[Date "2023.06.13"]
[WhiteClock "0:02:20"]
[BlackClock "0:00:44"]
[Board "100"]

1. d4 d5 2. Nf3 Nf6 3. e3 e6 4. Bd3 Be7 5. b3 O-O 6. Bb2 b6 7. Nbd2 Bb7 8. O-O Ne4 9. c4 Nd7 10. Rc1 Ndf6 11. Qe2 dxc4 12. Nxc4 a6 13. Rfd1 h6 14. Nce5 Bd6 15. Nc6 Qe8 16. Nfe5 Bxe5 17. Nxe5 c5 18. f3 Nd6 19. dxc5 bxc5 20. Ba3 Qb8 21. Bxc5 Rc8 22. Bxd6 1-0


[Site "https://www.chess.com"]

[Event "Titled Tuesday Blitz June 13 Early 2023"]
[White "le-castor-faineant"]
[Black "Jaracz, Pawel"]
[BlackFideId "1102222"]
[WhiteElo "2201"]
[BlackElo "2454"]
[Result "0-1"]
[Round "2"]
[TimeControl "180+2"]
[Date "2023.06.13"]
[WhiteClock "0:01:15"]
[BlackClock "0:01:39"]
[Board "101"]

1. e4 e5 2. Nf3 Nc6 3. Bb5 a6 4. Ba4 Nf6 5. Qe2 d6 6. c3 Bd7 7. d4 Be7 8. Nbd2 O-O 9. Bxc6 Bxc6 10. dxe5 dxe5 11. Nxe5 Bb5 12. c4 Be8 13. O-O b5 14. b3 Qc8 15. Bb2 Qb7 16. Rfe1 a5 17. Ndf3 a4 18. Nd4 bxc4 19. Nf5 Bb4 20. Nxc4 Ra6 21. e5 Nd5 22. Qg4 Rg6 23. Qf3 Bc6 24. Nd4 Bxe1 25. Rxe1 axb3 26. Na5 Qb4 27. Bc3 Qxc3 28. Qxc3 Nxc3 29. Naxc6 b2 30. Ne7+ Kh8 31. Nxg6+ hxg6 32. e6 fxe6 33. Nxe6 Re8 0-1


[Site "https://www.chess.com"]

[Event "Titled Tuesday Blitz June 13 Early 2023"]
[White "Itgelt, Khuyagtsogt"]
[Black "campochess"]
[WhiteFideId "4902912"]
[WhiteElo "2227"]
[BlackElo "2184"]
[Result "0-1"]
[Round "2"]
[TimeControl "180+2"]
[Date "2023.06.13"]
[WhiteClock "0:00:00"]
[BlackClock "0:00:51"]
[Board "102"]

1. Nf3 c5 2. e3 e6 3. b3 d5 4. Bb2 Nf6 5. c4 dxc4 6. Bxc4 a6 7. O-O b5 8. Be2 Bb7 9. d4 cxd4 10. Qxd4 Qxd4 11. Nxd4 Nbd7 12. a4 bxa4 13. bxa4 Be7 14. Ba3 Nd5 15. Bxe7 Kxe7 16. Na3 Rhc8 17. Rfc1 Rxc1+ 18. Rxc1 Rc8 19. Rb1 Ba8 20. Bxa6 Rc5 21. Nb3 Rc7 22. Kf1 Nc3 23. Rc1 Ra7 24. Rxc3 Rxa6 25. a5 Bd5 26. Nc4 Rc6 27. Nbd2 Ne5 28. Nxe5 Rxc3 29. f4 f6 30. Nef3 Rxe3 31. Kf2 Ra3 32. Nd4 Rxa5 33. g3 g6 34. Ke3 e5 0-1


[Site "https://www.chess.com"]

[Event "Titled Tuesday Blitz June 13 Early 2023"]
[White "Fernandez Sanchez, Mario Andres"]
[Black "Kucuksari, Kaan"]
[WhiteFideId "6501621"]
[BlackFideId "6380166"]
[WhiteElo "2050"]
[BlackElo "2364"]
[Result "0-1"]
[Round "2"]
[TimeControl "180+2"]
[Date "2023.06.13"]
[WhiteClock "0:01:39"]
[BlackClock "0:01:52"]
[Board "103"]

1. d4 f5 2. Bf4 Nf6 3. e3 e6 4. h4 b6 5. h5 Bb7 6. Nc3 Bb4 7. a3 Bxc3+ 8. bxc3 d6 9. c4 Nbd7 10. Nf3 Qe7 11. Bd3 e5 12. dxe5 dxe5 13. Nxe5 Nxe5 14. Bxf5 Bxg2 15. Rg1 Nf3+ 16. Ke2 Nxg1+ 17. Qxg1 Be4 18. Qg5 Bxf5 19. Qxf5 Qe4 20. Qb5+ c6 21. Qa4 b5 22. Qb3 Qxc4+ 23. Qxc4 bxc4 0-1


[Site "https://www.chess.com"]

[Event "Titled Tuesday Blitz June 13 Early 2023"]
[White "Timerkhanov, Alexander"]
[Black "Osuna Vega, Enrique"]
[WhiteFideId "24177938"]
[BlackFideId "2219549"]
[WhiteElo "2278"]
[BlackElo "2176"]
[Result "1-0"]
[Round "2"]
[TimeControl "180+2"]
[Date "2023.06.13"]
[WhiteClock "0:00:51"]
[BlackClock "0:00:00"]
[Board "104"]

1. d4 c6 2. e4 g6 3. c3 Bg7 4. Nf3 d6 5. Be2 Bg4 6. Be3 Nd7 7. Nbd2 Ngf6 8. h3 Bxf3 9. Bxf3 O-O 10. O-O e6 11. Qc2 d5 12. e5 Ne8 13. Be2 f5 14. exf6 Nexf6 15. Bg5 Qc7 16. f4 c5 17. dxc5 Nxc5 18. Bf3 Rac8 19. Rae1 Qb6 20. Kh2 Rce8 21. b4 Ncd7 22. Nb3 e5 23. Bxf6 Nxf6 24. fxe5 Ne4 25. Bxe4 dxe4 26. Rxf8+ Kxf8 27. Qxe4 Rxe5 28. Qf3+ Rf5 29. Qd3 Be5+ 30. Kh1 Qf6 31. Nc5 Kg7 32. Nd7 Qe6 33. Nxe5 Rxe5 34. Qd4 Kf6 35. a4 g5 36. a5 a6 37. c4 Kf5 38. g4+ 1-0


[Site "https://www.chess.com"]

[Event "Titled Tuesday Blitz June 13 Early 2023"]
[White "Sailer, Mike"]
[Black "Souleidis, Georgios"]
[WhiteFideId "2012901"]
[BlackFideId "4206827"]
[WhiteElo "2109"]
[BlackElo "2401"]
[Result "0-1"]
[Round "2"]
[TimeControl "180+2"]
[Date "2023.06.13"]
[WhiteClock "0:00:00"]
[BlackClock "0:00:37"]
[Board "105"]

1. d4 Nf6 2. Bg5 d5 3. Bxf6 gxf6 4. e3 e6 5. c4 dxc4 6. Bxc4 Nd7 7. Nc3 Nb6 8. Bd3 f5 9. Nge2 h5 10. h4 Be7 11. g3 Bd6 12. a3 Bd7 13. Nb5 Bxb5 14. Bxb5+ c6 15. Bd3 Qf6 16. Nc3 Nd5 17. Nxd5 cxd5 18. Qa4+ Kf8 19. O-O-O Kg7 20. Kb1 a6 21. Rc1 b5 22. Qa5 Rhb8 23. Rc6 Bf8 24. Rhc1 b4 25. a4 b3 26. Rxa6 Rxa6 27. Qxa6 f4 28. Qa7 Rb4 29. gxf4 Qxh4 0-1


[Site "https://www.chess.com"]

[Event "Titled Tuesday Blitz June 13 Early 2023"]
[White "Radzhabov, Rodion"]
[Black "Blackwhite017"]
[WhiteFideId "884715"]
[WhiteElo "2174"]
[BlackElo "2128"]
[Result "1-0"]
[Round "2"]
[TimeControl "180+2"]
[Date "2023.06.13"]
[WhiteClock "0:01:38"]
[BlackClock "0:00:23"]
[Board "106"]

1. e4 c5 2. Nf3 d6 3. d4 cxd4 4. Qxd4 Nc6 5. Bb5 Bd7 6. Bxc6 Bxc6 7. Nc3 Nf6 8. Bg5 h6 9. Bxf6 gxf6 10. O-O-O e6 11. Nd2 Be7 12. Nc4 d5 13. exd5 Bxd5 14. Nxd5 Qxd5 15. Qxd5 exd5 16. Rxd5 Rd8 17. Rhd1 Rxd5 18. Rxd5 Rg8 19. Ne3 Rg5 20. Rxg5 fxg5 21. g4 Bc5 22. Kd2 Kd7 23. Kd3 Ke6 24. Ke4 Bb6 25. h3 Bc5 26. f3 Bb6 27. Nf5 1-0


[Site "https://www.chess.com"]

[Event "Titled Tuesday Blitz June 13 Early 2023"]
[White "Kriti Mayur Patel"]
[Black "Alex_Sahakyan2006"]
[WhiteFideId "35061780"]
[WhiteElo "1306"]
[BlackElo "2674"]
[Result "0-1"]
[Round "2"]
[TimeControl "180+2"]
[Date "2023.06.13"]
[WhiteClock "0:01:02"]
[BlackClock "0:02:31"]
[Board "107"]

1. e4 c5 2. d4 cxd4 3. c3 d3 4. Bxd3 Nc6 5. c4 g6 6. f4 Bg7 7. Nf3 d6 8. O-O Nf6 9. Nc3 O-O 10. Qe2 Nd7 11. Be3 Nc5 12. Rfd1 Bg4 13. Bxc5 dxc5 14. Rac1 Nd4 15. Qf2 Nxf3+ 16. gxf3 Bd4 17. fxg4 Bxf2+ 18. Kxf2 Qd4+ 19. Kg2 Rad8 20. Nd5 e6 21. Ne7+ Kh8 22. f5 Qxb2+ 23. Rc2 Qf6 24. fxg6 fxg6 25. Nxg6+ hxg6 26. Rf1 Qg5 27. Rxf8+ Rxf8 28. Be2 Qe3 0-1


[Site "https://www.chess.com"]

[Event "Titled Tuesday Blitz June 13 Early 2023"]
[White "Nazari, Arad"]
[Black "Castillo Pena, Patricia Evarista"]
[WhiteFideId "12577324"]
[BlackFideId "6412106"]
[WhiteElo "2175"]
[BlackElo "1859"]
[Result "1-0"]
[Round "2"]
[TimeControl "180+2"]
[Date "2023.06.13"]
[WhiteClock "0:01:28"]
[BlackClock "0:00:04"]
[Board "108"]

1. e4 c5 2. Nf3 d6 3. Bb5+ Bd7 4. Bxd7+ Qxd7 5. O-O Nf6 6. Re1 Nc6 7. c3 e5 8. d4 cxd4 9. cxd4 Be7 10. Nc3 exd4 11. Nxd4 O-O 12. Nf5 Rfe8 13. Bg5 Rad8 14. Qd3 Ne5 15. Qg3 Ng6 16. Rad1 Qc6 17. Nxe7+ Rxe7 18. Bxf6 gxf6 19. Nd5 Re6 20. f4 Kh8 21. f5 Ne5 22. fxe6 fxe6 23. Nxf6 Qb6+ 24. Kh1 Qxb2 25. Qh4 1-0


[Site "https://www.chess.com"]

[Event "Titled Tuesday Blitz June 13 Early 2023"]
[White "Pranesh M"]
[Black "Semenova, Alina"]
[WhiteFideId "35028600"]
[BlackFideId "24113875"]
[WhiteElo "2437"]
[BlackElo "1833"]
[Result "1-0"]
[Round "2"]
[TimeControl "180+2"]
[Date "2023.06.13"]
[WhiteClock "0:01:03"]
[BlackClock "0:00:21"]
[Board "109"]

1. e4 e6 2. d4 d5 3. Nd2 Nf6 4. e5 Nfd7 5. Ngf3 c5 6. c3 Nc6 7. Bd3 Be7 8. O-O Qb6 9. dxc5 Nxc5 10. Bc2 h6 11. Nb3 Nxb3 12. axb3 Bd7 13. b4 a6 14. Re1 Na7 15. Nd4 Nb5 16. Be3 Nxd4 17. Bxd4 Qc6 18. Qg4 g6 19. Re3 h5 20. Qe2 Qc7 21. Rf3 Bb5 22. Qd2 a5 23. Qf4 Rh7 24. h3 g5 25. Qd2 Rg7 26. g4 hxg4 27. hxg4 Ra6 28. bxa5 Rxa5 29. Rxa5 Qxa5 30. Kg2 Qa1 31. Bd3 Bxd3 32. Qxd3 Qa6 33. Qc2 Kf8 34. Rh3 Kg8 35. b3 b5 36. Qb1 b4 37. Qh1 Rh7 38. Rxh7 Qd3 39. Rh8+ Kg7 40. Qh6# 1-0


[Site "https://www.chess.com"]

[Event "Titled Tuesday Blitz June 13 Early 2023"]
[White "Keymer, Vincent"]
[Black "Petukhov, Dmitry"]
[WhiteFideId "12940690"]
[BlackFideId "4142748"]
[WhiteElo "2669"]
[BlackElo "2311"]
[Result "1-0"]
[Round "2"]
[TimeControl "180+2"]
[Date "2023.06.13"]
[WhiteClock "0:00:20"]
[BlackClock "0:00:08"]
[Board "110"]

1. a3 a5 2. e4 e5 3. Nf3 Nc6 4. Bb5 d6 5. O-O Bd7 6. d4 Nf6 7. Nc3 Be7 8. d5 Nb8 9. Re1 Bxb5 10. Nxb5 O-O 11. a4 Nbd7 12. b3 Nc5 13. Nc3 Nfd7 14. Nd2 f5 15. exf5 Rxf5 16. Nde4 Qe8 17. Nxc5 Nxc5 18. Be3 b6 19. Qg4 Qg6 20. h3 Bg5 21. Bxc5 bxc5 22. Ne4 h6 23. g3 Qf7 24. Rad1 Rf8 25. Qe2 Bd8 26. Rd3 h5 27. Kg2 h4 28. c4 hxg3 29. fxg3 Bg5 30. Rdd1 Rf3 31. Rf1 Rxf1 32. Rxf1 Qg6 33. Rxf8+ Kxf8 34. Qg4 1-0


[Site "https://www.chess.com"]

[Event "Titled Tuesday Blitz June 13 Early 2023"]
[White "Vignesh N R"]
[Black "Kuzmin, Roman"]
[WhiteFideId "25012215"]
[BlackFideId "44134932"]
[WhiteElo "2415"]
[BlackElo "2122"]
[Result "1-0"]
[Round "2"]
[TimeControl "180+2"]
[Date "2023.06.13"]
[WhiteClock "0:02:34"]
[BlackClock "0:01:33"]
[Board "111"]

1. d4 Nf6 2. c4 e6 3. Nf3 d5 4. Nc3 c6 5. e3 Nbd7 6. Qc2 Bd6 7. Be2 O-O 8. O-O dxc4 9. Bxc4 e5 10. h3 exd4 11. exd4 h6 12. Re1 Rb8 13. a4 b6 14. Bxh6 gxh6 15. Qg6+ Kh8 16. Qxh6+ Kg8 17. Ng5 1-0


[Site "https://www.chess.com"]

[Event "Titled Tuesday Blitz June 13 Early 2023"]
[White "Molina, Roberto Junio Brito"]
[Black "krucki03"]
[WhiteFideId "2109450"]
[WhiteElo "2376"]
[BlackElo "2453"]
[Result "1-0"]
[Round "2"]
[TimeControl "180+2"]
[Date "2023.06.13"]
[WhiteClock "0:00:48"]
[BlackClock "0:00:02"]
[Board "112"]

1. d4 Nf6 2. Nf3 e6 3. e3 c5 4. Bd3 b6 5. O-O Bb7 6. Qe2 cxd4 7. exd4 Be7 8. Re1 O-O 9. Bg5 h6 10. Bh4 d6 11. c3 Nbd7 12. Nbd2 a6 13. a4 Re8 14. h3 Ra7 15. Bg3 Nd5 16. Nc4 N7f6 17. Ne3 Nxe3 18. fxe3 Be4 19. Bxa6 Qa8 20. Bb5 Rc8 21. Rac1 Bc6 22. Bxc6 Qxc6 23. b3 Ne4 24. Bf2 Nxc3 25. Qd3 Rac7 26. e4 Qd7 27. Rc2 Nd5 28. Rxc7 Nxc7 29. d5 Rb8 30. Nd4 exd5 31. exd5 Bf6 32. Nc6 Re8 33. Rxe8+ Qxe8 34. Bxb6 Qe1+ 35. Qf1 Qd2 36. Bxc7 Qxd5 37. Qxf6 Qc5+ 38. Qd4 Qxc6 39. Bxd6 Qc1+ 1-0


[Site "https://www.chess.com"]